 Dungeon Crawl Stone Soup version 0.30-a0-125-g51eefa89be (webtiles) character file.

Game seed: 7734954032453921713

93606 timneilson the Tortoise (level 16, -3/99 HPs)
             Began as a Gargoyle Fighter on Sept 18, 2022.
             Was a High Priest of Okawaru.
             Slain by a death knight
             ... wielding a +0 glaive
              (23 damage)
             ... on level 14 of the Dungeon.
             The game lasted 01:00:12 (20023 turns).

timneilson the Tortoise (Gargoyle Fighter)         Turns: 20023, Time: 01:00:13

Health: -3/99      AC: 44    Str: 33    XL:     16   Next: 9%
Magic:  23/23      EV: 13    Int:  9    God:    Okawaru [*****.]
Gold:   2223       SH: 15    Dex: 12    Spells: 15/15 levels left

rFire   . . .      SeeInvis +    K - +3 double sword (vorpal)
rCold   + . .      Faith    .    g - +1 kite shield
rNeg    + . .      Spirit   .    J - +1 plate armour of Relativism {Regen+ Str+4 Int-2 Dex+3}
rPois   ∞          Reflect  .    j - +0 helmet
rElec   +          Harm     .    B - +2 cloak of Chill Winds {Str+3}
rCorr   .          Rampage  .    k - +2 pair of gloves
Will    ++...                    (no boots)
Stlth   ..........               e - amulet of regeneration
HPRegen 1.86/turn                l - ring of the Howling Priest {Will+ SInv}
MPRegen 0.18/turn                I - ring of protection from cold

@: heroic, flying, studying 2 skills
A: sickness immunity, AC +12, big wings, negative energy resistance 1,
electricity resistance, torment resistance 1, petrification resistance
a: Renounce Religion, Heroism, Finesse, Duel


You were on level 14 of the Dungeon.
You worshipped Okawaru.
Okawaru was extremely pleased with you.
You visited 3 branches of the dungeon, and saw 21 of its levels.

You collected 2308 gold pieces.
You spent 85 gold pieces at shops.

Inventory:

Hand Weapons
 K - a +3 vorpal double sword (weapon)
 T - a +4 scimitar of flaming
Missiles
 h - 10 throwing nets (quivered)
Armour
 g - a +1 kite shield (worn)
 j - a +0 helmet (worn)
 k - a +2 pair of gloves (worn)
 p - a +0 pair of gloves
 B - the +2 cloak of Chill Winds (worn) {Str+3}
   (Okawaru gifted it to you on level 10 of the Dungeon)

   Str:       It affects your strength (+3).
 J - the +1 plate armour of Relativism (worn) {Regen+ Str+4 Int-2 Dex+3}
   (You found it on level 5 of the Lair of Beasts)

   Str:       It affects your strength (+4).
   Int:       It affects your intelligence (-2).
   Dex:       It affects your dexterity (+3).
   Regen:     It increases your rate of health regeneration.
Jewellery
 b - a ring of positive energy
 e - an amulet of regeneration (around neck)
 l - the ring of the Howling Priest (left hand) {Will+ SInv}
   (You acquired it on level 4 of the Dungeon)

   [ring of willpower]

   SInv:      It lets you see invisible.
   Will:      It increases your willpower.
 r - a +4 ring of protection
 D - a ring of willpower
 F - a ring of ice
 I - a ring of protection from cold (right hand)
 N - a +6 ring of strength
 O - a ring of fire
Wands
 y - a wand of flame (10)
 Q - a wand of iceblast (11)
Scrolls
 i - 7 scrolls of identify
 m - 3 scrolls of blinking
 t - 6 scrolls of teleportation
 v - a scroll of enchant armour
 x - 5 scrolls of magic mapping
 A - a scroll of fog
 P - a scroll of poison
Potions
 a - 2 potions of ambrosia
 c - 2 potions of lignification
 d - 2 potions of heal wounds
 n - a potion of cancellation
 o - a potion of mutation
 q - 2 potions of haste
 u - 2 potions of curing
 w - a potion of might
 G - 4 potions of berserk rage
 S - 2 potions of attraction
Miscellaneous
 C - a lightning rod (4/4)
 M - a condenser vane


   Skills:
 + Level 10.7(15.7) Fighting
 * Level 12.1(17.1) Long Blades
 * Level 19.6(24.6) Armour
 + Level 7.7(12.7) Dodging
 * Level 14.5(19.5) Shields
 + Level 10.0 Invocations
 + Level 7.4 Evocations


You had 15 spell levels left.
You didn't know any spells.
Your spell library contained the following spells:

 Spells                   Type           Power      Damage    Failure   Level
 Apportation              Tloc           0%         N/A       86%         1
 Sandblast                Erth           0%         2d4       86%         1
 Sting                    Tmut/Pois      0%         1d3       86%         1
 Blink                    Tloc           0%         N/A       94%         2
 Passwall                 Tmut/Erth      0%         N/A       94%         2
 Poisonous Vapours        Pois/Air       0%         N/A       94%         2
 Ignite Poison            Fire/Tmut/Pois 0%         N/A       99%         3
 Stone Arrow              Conj/Erth      0%         3d7       99%         3
 Anguish                  Hex/Necr       0%         N/A       100%        4
 Manifold Assault         Tloc           0%         N/A       100%        4
 Olgreb's Toxic Radiance  Pois           0%         N/A       100%        4
 Sticky Flame             Conj/Fire      0%         2d3       100%        4
 Alistair's Intoxication  Tmut/Pois      0%         N/A       100%        5
 Borgnjor's Vile Clutch   Necr/Erth      0%         N/A       100%        5
 Lightning Bolt           Conj/Air       0%         1d11      100%        5
 Eringya's Noxious Bog    Tmut/Pois      0%         N/A       100%        6
 Enfeeble                 Hex            0%         N/A       100%        7
 Orb of Destruction       Conj           0%         9d5       100%        7
 Storm Form               Tmut/Air       0%         N/A       100%        7
 Call Canine Familiar     Summ           Unusable   N/A       N/A         3
 Summon Forest            Summ/Tloc      Unusable   N/A       N/A         5

Dungeon Overview and Level Annotations

Branches:
Dungeon (14/15)            Temple (0/1) D:6            Lair (5/5) D:10
 Shoals (0/4) Lair:3       Spider (0/4) Lair:2          Orc (2/2) D:12
    Elf (0/3) Orc:2        Vaults (0/5) D:14
  Slime: Lair:4-5

Altars:
Ashenzari
Cheibriados
Fedhas
Gozag
Hepliaklqana
Kikubaaqudgha
Nemelex Xobeh
Okawaru
Qazlal
Sif Muna
Uskayaw
Vehumet
Wu Jian
Xom
The Shining One
Jiyva
Lugonu

Shops:
D:4 (   Orc:2 *([=

Portals:
Abyss: Lair:5

Annotations:
D:13 1 runed translucent door
Lair:3 exclusion: oklob plant
Lair:5 exclusion: oklob plant


Innate Abilities, Weirdness & Mutations

You are immune to sickness and miasma.
Your stone body is resilient. (AC +12)
You are immune to poison.
Your large and strong wings let you fly.
You resist negative energy. (rN+)
You are resistant to electric shocks. (rElec)
You are resistant to unholy torment.
You are immune to petrification.


Message History

The +8 long sword hits you!
You barely miss the wraith.
The wraith is severely damaged.
The death knight's dark mirror aura disappears.
The +8 long sword hits you! You block the wraith's attack.
The death knight hits you but does no damage.
You block the +8 long sword's attack.
You hit the wraith.
The wraith is almost destroyed.
The death knight hits you with a +0 glaive.
The wraith hits you but does no damage. The +8 long sword closely misses you.
You closely miss the wraith.
The wraith is almost destroyed.
The +8 long sword hits you but does no damage.
The wraith hits you but does no damage.
The death knight hits you with a +0 glaive.
You hit the wraith.
The wraith is almost destroyed.
The +8 long sword hits you.
You slash the wraith!
You destroy the wraith!
Okawaru accepts your kill.
The +8 long sword hits you but does no damage.
You block the death knight's attack.
You hit the death knight but do no damage.
The death knight is lightly wounded.
The +8 long sword hits you!
* * * LOW HITPOINT WARNING * * *
The death knight hits you but does no damage.
The +8 long sword misses you.
You hit the death knight.
The death knight is lightly wounded.
The +8 long sword hits you!
* * * LOW HITPOINT WARNING * * *
You block the death knight's attack.
You slash the death knight!
The death knight is moderately wounded.
You block the +8 long sword's attack.
The death knight hits you with a +0 glaive!!
You die...

.......##.##.
...................#.#..
...................#.#.#
....................#..#
..................#.#.##
...............(........
.(......................
#...p.# ###..........
#####..@.# #..........
..∩...(..#####..........
#####...................
)#.....#..............
............########..##
.........#..# #..#
.######.##..########..#
#.....))........#
#################


You could see a death knight and a +8 long sword.

Vanquished Creatures
  Rupert (Lair:4)
  An orc warlord (Orc:1)
  Harold (Orc:1)
  Fannar (Lair:2)
  6 hydras
  3 centaur warriors
  A dancing weapon (D:14)
  Erica (D:12)
  3 boulder beetles
  3 two-headed ogres
  3 orc high priests
  2 death knights
  2 tengu warriors
  6 death yaks (Lair:2)
  3 thrashing horrors (Lair:5)
  Nergalle (Orc:2)
  Sonja (D:10)
  A fire crab (Lair:5)
  8 skeletal warriors (D:11)
  A glowing orange brain (D:14)
  A phantasmal warrior (D:14)
  A deep elf archer (D:14)
  A necromancer (D:14)
  A lindwurm (Lair:2)
  7 deep elf pyromancers
  5 orc knights
  A harpy (D:11)
  A manticore (D:13)
  11 ugly things
  2 orc sorcerers
  3 cyclopes
  18 elephants
  5 black mambas
  The ghost of SigmundSlayer the Chopper, a novice DgFi (D:5)
  2 gargoyles
  2 smoke demons (Lair:5)
  2 merfolk sirens (Lair:3)
  7 cane toads
  Maggie (Lair:1)
  12 komodo dragons
  A torpor snail (Lair:4)
  2 rime drakes
  A freezing wraith (D:14)
  2 efreet (D:14)
  2 tengu conjurers (D:14)
  An ancient zyme (Lair:5)
  A hornet (D:11)
  A hornet (shapeshifter) (Lair:5)
  8 trolls
  22 blink frogs
  3 large abominations (Lair:5)
  4 dream sheep (Lair:5)
  A slime creature (D:14)
  A dream sheep (shapeshifter) (D:11)
  A spriggan (shapeshifter) (Lair:5)
  A shadow (D:12)
  6 wraiths
  3 wyverns
  2 spriggans (Lair:5)
  2 vampires
  2 ynoxinuls (Lair:5)
  10 basilisks
  50 yaks
  3 vampire mosquitoes (D:14)
  A chaos spawn (Lair:5)
  3 redbacks (Lair:2)
  4 wargs
  An acid dragon (D:9)
  13 water moccasins
  2 sky beasts
  35 orc warriors
  5 black bears
  9 wolves
  11 ogres
  9 centaurs
  2 phantoms (D:5)
  4 kobold brigands
  9 bullfrogs
  5 gnoll sergeants
  2 necrophages (D:5)
  3 scorpions
  12 small abominations (Lair:5)
  12 wights
  15 killer bees
  2 electric eels (D:10)
  7 howler monkeys
  6 jellies
  2 hounds
  23 orc priests
  A gnoll bouda (Orc:2)
  Crazy Yiuf (D:5)
  3 iguanas
  14 orc wizards
  4 hell rats (Lair:3)
  6 adders
  14 gnolls
  4 worms
  2 dart slugs (D:2)
  61 orcs
  6 ball pythons
  10 endoplasms
  2 giant cockroaches
  9 goblins
  A hobgoblin (D:4)
  4 jackals (D:1)
  3 quokkas (D:1)
  4 bats
  5 frilled lizards
  20 kobolds
  8 rats
642 creatures vanquished.

Vanquished Creatures (others)
  An orc wizard (D:9)
  26 fungi
  48 plants
75 creatures vanquished.

Grand Total: 717 creatures vanquished

Notes
Turn   | Place    | Note
-------+----------+-------------------------------------------
     0 | D:1      | timneilson the Gargoyle Fighter began the quest for the
                  | Orb.
     0 | D:1      | Reached XP level 1. HP: 14/14 MP: 1/1
    24 | D:1      | You fall into a shaft and drop 1 floor!
    50 | D:2      | Reached XP level 2. HP: 16/19 MP: 2/2
   387 | D:1      | Reached XP level 3. HP: 23/23 MP: 3/3
   956 | D:2      | Reached XP level 4. HP: 27/28 MP: 4/4
  1336 | D:3      | Reached skill level 4 in Armour
  1566 | D:3      | Noticed a black bear
  1578 | D:3      | Killed a black bear
  1579 | D:3      | Reached skill level 1 in Dodging
  1579 | D:3      | Reached XP level 5. HP: 32/33 MP: 5/5
  1589 | D:3      | Found an iron altar of Okawaru.
  1589 | D:3      | Found a sparkling altar of Nemelex Xobeh.
  1591 | D:3      | Found a radiant altar of Vehumet.
  1593 | D:3      | Found a broken altar of Ashenzari.
  1594 | D:3      | Found an opulent altar of Gozag.
  1597 | D:3      | Became a worshipper of Warmaster Okawaru
  2154 | D:3      | Found a stormy altar of Qazlal.
  2236 | D:3      | Identified a scroll of acquirement
  2239 | D:3      | Acquired a manual of Armour
  2420 | D:4      | Found Nufagin's Antique Weapon Emporium.
  2423 | D:4      | Reached XP level 6. HP: 38/38 MP: 6/6
  2668 | D:4      | Found a blossoming altar of Fedhas.
  2781 | D:4      | Reached skill level 5 in Armour
  2781 | D:4      | Reached skill level 1 in Invocations
  2786 | D:4      | Reached skill level 5 in Shields
  2866 | D:4      | Acquired a manual of Armour
  2868 | D:4      | Acquired the ring of the Howling Priest {Will+ SInv}
  3121 | D:4      | Reached XP level 7. HP: 29/43 MP: 7/7
  3302 | D:5      | Entered Level 5 of the Dungeon
  3322 | D:5      | Reached * piety under Okawaru
  3330 | D:5      | Identified the +9 short sword of Fedhas's Supremacy {spect,
                  | Str+4}
  3546 | D:5      | Reached skill level 6 in Armour
  3551 | D:5      | Found a large runed translucent door.
  3552 | D:5      | Found a large runed translucent door.
  3667 | D:5      | Reached XP level 8. HP: 48/48 MP: 9/9
  3821 | D:5      | Found a runed translucent door.
  3822 | D:5      | Noticed Crazy Yiuf
  3925 | D:5      | Noticed SigmundSlayer's ghost (novice DgFi)
  4279 | D:6      | Found an ornate altar of the Wu Jian Council.
  4279 | D:6      | Found a hazy altar of Hepliaklqana.
  4373 | D:6      | Reached ** piety under Okawaru
  4436 | D:6      | Reached skill level 7 in Armour
  4709 | D:6      | Found an ancient bone altar of Kikubaaqudgha.
  4742 | D:6      | Reached skill level 5 in Fighting
  4780 | D:6      | Found a staircase to the Ecumenical Temple.
  5093 | D:7      | Reached skill level 8 in Armour
  5158 | D:7      | Reached skill level 5 in Long Blades
  5164 | D:7      | Noticed a two-headed ogre
  5182 | D:7      | Killed a two-headed ogre
  5182 | D:7      | Reached *** piety under Okawaru
  5183 | D:7      | Reached XP level 9. HP: 28/54 MP: 11/11
  5243 | D:7      | Reached skill level 9 in Armour
  5267 | D:7      | Found a shimmering blue altar of Sif Muna.
  5756 | D:8      | Found a snail-covered altar of Cheibriados.
  5792 | D:8      | Found a hide-covered altar of Uskayaw.
  6162 | D:8      | Found a glowing golden altar of the Shining One.
  6335 | D:9      | Reached **** piety under Okawaru
  6483 | D:8      | Reached skill level 10 in Armour
  6491 | D:8      | Reached skill level 1 in Evocations
  6581 | D:9      | Reached XP level 10. HP: 60/60 MP: 13/13
  6664 | D:9      | HP: 3/60 [orc priest/divine providence (17)]
  6694 | D:9      | HP: 1/60 [orc priest/divine providence (11)]
  7106 | D:5      | Killed SigmundSlayer's ghost
  7199 | D:5      | Killed Crazy Yiuf
  7340 | D:10     | Entered Level 10 of the Dungeon
  7544 | D:10     | Reached skill level 11 in Armour
  7558 | D:10     | Reached ***** piety under Okawaru
  7582 | D:10     | Reached skill level 5 in Invocations
  7757 | D:10     | Found a staircase to the Lair.
  7788 | D:10     | Reached XP level 11. HP: 63/66 MP: 14/14
  7909 | D:10     | Reached skill level 12 in Armour
  7991 | D:10     | Noticed Sonja
  7995 | D:10     | Killed Sonja
  8797 | D:10     | Identified the +2 cloak of Chill Winds {Str+3} (Okawaru
                  | gifted it to you on level 10 of the Dungeon)
  8797 | D:10     | Received a gift from Okawaru
  8887 | D:11     | Noticed a cyclops
  8887 | D:11     | Noticed a tengu warrior
  8887 | D:11     | Noticed a fire crab
  8887 | D:11     | Noticed a centaur warrior
  8887 | D:11     | Noticed a death knight
  8887 | D:11     | a fire crab changed into a floating eye
  8960 | D:10     | Killed a tengu warrior
  8995 | Lair:1   | Entered Level 1 of the Lair of Beasts
  9262 | Lair:1   | Reached skill level 13 in Armour
  9262 | Lair:1   | Reached skill level 10 in Shields
  9526 | Lair:1   | Noticed Maggie
  9548 | Lair:1   | Killed Maggie
  9912 | Lair:1   | Reached skill level 5 in Dodging
  9912 | Lair:1   | Reached XP level 12. HP: 58/72 MP: 16/16
 10435 | Lair:2   | Reached skill level 14 in Armour
 10673 | Lair:2   | Noticed a death yak
 10673 | Lair:2   | Noticed a death yak
 10705 | Lair:2   | Killed a death yak
 10720 | Lair:2   | Killed a death yak
 10740 | Lair:2   | Noticed a death yak
 10741 | Lair:2   | Noticed a death yak
 10741 | Lair:2   | Noticed a death yak
 10741 | Lair:2   | Noticed a death yak
 10757 | Lair:2   | Noticed Fannar
 10760 | Lair:2   | Killed a death yak
 10776 | Lair:2   | Killed a death yak
 10790 | Lair:2   | Killed a death yak
 10807 | Lair:2   | Killed a death yak
 10849 | Lair:2   | Killed Fannar
 11038 | Lair:2   | Found a hole to the Spider Nest.
 11062 | Lair:2   | Received a gift from Okawaru
 11593 | Lair:3   | Reached skill level 15 in Armour
 11632 | Lair:3   | Reached XP level 13. HP: 67/79 MP: 16/18
 11636 | Lair:3   | Identified the +0 robe of Objectivity {Dex+3} (Okawaru
                  | gifted it to you on level 3 of the Lair of Beasts)
 11636 | Lair:3   | Received a gift from Okawaru
 11756 | Lair:3   | Reached skill level 5 in Evocations
 12152 | Lair:3   | Found a staircase to the Shoals.
 12180 | Lair:3   | Found an iron altar of Okawaru.
 12639 | Lair:4   | Noticed Rupert
 12658 | Lair:4   | Killed Rupert
 12716 | Lair:4   | Reached skill level 16 in Armour
 12914 | Lair:4   | Reached skill level 10 in Long Blades
 13253 | Lair:5   | Entered Level 5 of the Lair of Beasts
 13356 | Lair:5   | Identified the +4 scimitar of the Rattlesnake {drain,
                  | Int+3} (Okawaru gifted it to you on level 5 of the Lair of
                  | Beasts)
 13356 | Lair:5   | Received a gift from Okawaru
 13507 | Lair:5   | Gained mutation: Your large and strong wings let you fly.
                  | [Gargoyle growth]
 13507 | Lair:5   | Reached XP level 14. HP: 86/86 MP: 20/20
 13649 | Lair:5   | Identified the +1 plate armour of Relativism {Regen+ Str+4
                  | Int-2 Dex+3}
 13687 | Lair:5   | Identified the +1 ring mail "Tekhlogei" {*Corrode rF+
                  | Slay+5} (Okawaru gifted it to you on level 5 of the Lair of
                  | Beasts)
 13687 | Lair:5   | Received a gift from Okawaru
 13688 | Lair:5   | Reached skill level 17 in Armour
 13748 | Lair:5   | Identified the +5 arbalest of Odi Huale {elec, Dex+4}
 13784 | Lair:5   | Found a corrupted altar of Lugonu.
 13784 | Lair:5   | Found a one-way gate to the infinite horrors of the Abyss.
 14243 | Lair:5   | Found a viscous altar of Jiyva.
 14954 | D:11     | Reached ****** piety under Okawaru
 14975 | D:11     | Acquired a +3 double sword of freezing
 15180 | D:11     | Got the Precepts of Adjuration and the Barrage
 15231 | D:11     | Reached skill level 18 in Armour
 15590 | D:12     | Reached XP level 15. HP: 92/92 MP: 21/21
 15655 | D:12     | Found a staircase to the Orcish Mines.
 15673 | D:12     | Identified the +1 ring mail "Cenuem" {rCorr} (Okawaru
                  | gifted it to you on level 12 of the Dungeon)
 15673 | D:12     | Received a gift from Okawaru
 15712 | D:12     | Reached skill level 10 in Fighting
 16448 | D:13     | Found a runed translucent door.
 16450 | D:13     | Noticed a storm dragon
 16450 | D:13     | Noticed a frost giant
 16450 | D:13     | Noticed a frost giant
 17127 | D:13     | Noticed a fenstrider witch
 17136 | D:13     | an iron troll changed into a fenstrider witch
 17136 | D:13     | Noticed a fenstrider witch (glowing shapeshifter)
 17143 | D:13     | Noticed a sphinx
 17143 | D:13     | a sphinx changed into a frost giant
 17143 | D:13     | Noticed a frost giant (glowing shapeshifter)
 17150 | D:13     | Noticed a sphinx
 17165 | D:13     | Noticed a shadow dragon
 17172 | D:13     | Noticed a golden dragon
 17172 | D:13     | a golden dragon changed into a caustic shrike
 17172 | D:13     | Noticed a caustic shrike (glowing shapeshifter)
 17204 | Orc:1    | Entered Level 1 of the Orcish Mines
 17212 | Orc:1    | Noticed Harold
 17225 | Orc:1    | Killed Harold
 17375 | Orc:1    | Noticed Erica
 17560 | D:12     | Killed Erica
 17979 | Orc:2    | Entered Level 2 of the Orcish Mines
 18047 | Orc:2    | Found a shimmering altar of Xom.
 18178 | Orc:2    | Noticed an orc warlord
 18364 | Orc:1    | Killed an orc warlord
 18417 | Orc:2    | Noticed Nergalle
 18456 | Orc:2    | Killed Nergalle
 18486 | Orc:2    | Found Radwe's Antique Armour Boutique.
 18524 | Orc:2    | Reached skill level 19 in Armour
 18866 | Orc:2    | Found Lec Heg's Jewellery Boutique.
 19022 | Orc:2    | Found Goxoodumm's Antique Weapon Boutique.
 19046 | Orc:2    | Found Bunabor's General Store.
 19053 | Orc:2    | Bought a potion of attraction for 51 gold pieces
 19053 | Orc:2    | Bought a scroll of identify for 34 gold pieces
 19141 | Orc:2    | Found a staircase to the Elven Halls.
 19540 | D:14     | Received a gift from Okawaru
 19758 | D:14     | Reached XP level 16. HP: 99/99 MP: 17/23
 19793 | D:14     | Reached skill level 10 in Invocations
 19974 | D:14     | Found a gate to the Vaults.
 20023 | D:14     | Slain by a death knight

Illustrated notes

Levels and vault maps discovered:
D:1:      giann_horns, layout_basic
D:2:      layout_rooms
D:3:      layout_basic, grunt_temple_overflow_open,
          lemuel_coloured_pillars_altar
D:4:      layout_basic, mainiacjoe_overflow_24_doors, serial_shops,
          nicolae_square_shop, nrook_loot_triangle
D:5:      minmay_evil_eye, layout_loops_ring, ebering_ghost_disaster_area,
          uniq_crazy_yiuf_cottage
D:6:      layout_basic, nicolae_kikubaaqudgha_miasma_corner,
          jmf_multi_god_temple, minmay_temple_entry_poolview
D:7:      layout_basic, mainiacjoe_overflow_boulevard, minmay_manual_mares
D:8:      layout_loops_cross, kennysheep_little_box, nicolae_uskayaw_dance_hall,
          mainiacjoe_overflow_chevrons
D:9:      layout_gridville
D:10:     layout_basic, minmay_lair_entry_grove, hangedman_decor_push,
          serial_bayou_ford_a, minmay_misc_feat_tiny, uniq_sonja
D:11:     minmay_shrinking_squares, layout_gridville
D:12:     layout_roguey, kennysheep_orc_monster_closet_entryway
D:13:     layout_irregular_city, chequers_serial_rivers_room_b, minmay_holes,
          minmay_hidden_floor
D:14:     minmay_the_grid_four_pointed_star_mashed
          [minmay_the_grid_triangle_9x9_descending_squares,
          minmay_the_grid_triangle_9x9_thin_v,
          minmay_the_grid_triangle_9x9_stretched_checkered,
          minmay_the_grid_triangle_9x9_checkered,
          minmay_the_grid_prize_inner_circle], layout_long_grid, erik_vaults_1,
          dreamdust_mushroom_princess
Lair:1:   layout_long_grid, serial_bayou_shore_b, lemuel_fruit_fields,
          uniq_maggie
Lair:2:   layout_cave_pods, spider_nest_entry_webs, grunt_megastairs_4,
          lemuel_fruit_fields, uniq_fannar
Lair:3:   layout_cellular_growth, elwin_shoals_entry_rooms, minivault_25,
          lemuel_oklob_altar
Lair:4:   layout_loops_ring, uniq_rupert
Lair:5:   hellmonk_lair_end_abyssal_woods, layout_hall_layers,
          minmay_slime_entry_oklob_enclosed, infiniplex_staircase_pool_2
Orc:1:    layout_diamond_mine, minmay_orc_temple_c, uniq_harold, uniq_erica
Orc:2:    grunt_orc_cross, layout_caves, basic_altar, mines1_david

Skill      XL: |  1  2  3  4  5  6  7  8  9 10 11 12 13 14 15 16 |
---------------+-------------------------------------------------+-----
Long Blades    | 2 3 4 5 6 7 8 9 10 11 12 | 12.1
Armour         | 4 5 6 8 10 11 13 15 16 18 19 | 19.6
Shields        | 4 5 7 9 10 11 12 13 14 | 14.5
Dodging        | 1 2 3 4 5 6 7 |  7.7
Fighting       | 4 5 6 7 8 9 10 | 10.7
Invocations    | 1 2 3 4 5 6 7 8 9 10 | 10.0
Evocations     | 1 2 3 4 5 6 7 |  7.4

Action                   |  1- 3 |  4- 6 |  7- 9 | 10-12 | 13-15 | 16-18 || total
-------------------------+-------+-------+-------+-------+-------+-------++-------
Melee: Long sword        |   165 |   238 |   618 |   124 |       |       ||  1145
       Scimitar          |       |       |       |  1215 |   541 |       ||  1756
       Double sword      |       |       |       |       |  1067 |    76 ||  1143
Invok: Heroism           |       |       |     3 |    17 |    40 |     2 ||    62
       Finesse           |       |       |       |     5 |    12 |       ||    17
Evoke: Wand              |       |       |       |     4 |     9 |       ||    13
       Lightning rod     |       |       |       |     4 |     9 |       ||    13
  Use: Scroll            |     2 |     6 |    10 |     7 |     7 |       ||    32
       Potion            |       |     2 |     1 |     7 |     3 |       ||    13
 Stab: Distracted        |       |       |       |     1 |    16 |       ||    17
Armor: Scale mail        |    87 |    58 |       |       |       |       ||   145
       Chain mail        |       |    44 |   489 |   349 |       |       ||   882
       Skin              |       |     3 |       |       |       |       ||     3
       Plate armour      |       |       |       |   539 |   737 |    46 ||  1322
Dodge: Dodged            |    76 |    59 |   210 |   407 |   521 |    24 ||  1297
Block: Buckler           |     5 |       |       |       |       |       ||     5
       Kite shield       |    68 |   131 |   400 |   838 |  1062 |    39 ||  2538

Table legend: (Time is in decaauts)
 A = Elapsed time spent in this place.
 B = Non-inter-level travel time spent in this place.
 C = Inter-level travel time spent in this place.
 D = Time resting spent in this place.
 E = Time spent auto-exploring this place.
 F = Levels seen in this place.
 G = Mean time per level.
                   A        B        C        D        E       F      G
               +--------+--------+--------+--------+--------+-----+--------+
         Total |  20150 |  19271 |    879 |    121 |  11844 |  21 |  959.5 |
       Dungeon |  12586 |  11985 |    601 |     65 |   7177 |  14 |  899.0 |
          Lair |   5807 |   5597 |    210 |     56 |   3812 |   5 | 1161.4 |
  Orcish Mines |   1756 |   1689 |     67 |      0 |    855 |   2 |  878.0 |
               +--------+--------+--------+--------+--------+-----+--------+

Top non-repeatable levels by time:
    D:10: 1620 daAuts
  Lair:5: 1400 daAuts
  Lair:3: 1254 daAuts
  Lair:2: 1250 daAuts
     D:6: 1141 daAuts
     D:4: 1062 daAuts
   Orc:2: 1062 daAuts
     D:3: 1023 daAuts
  Lair:1: 1023 daAuts
    D:12: 1012 daAuts
     D:5: 981 daAuts
  Lair:4: 878 daAuts
    D:13: 874 daAuts
     D:1: 826 daAuts
     D:7: 742 daAuts
